 Dungeon Crawl Stone Soup version 0.30.1-11-g7821555f0a (webtiles) character file.

Game seed: 18304376251654875547

33 eliilek the Covered (level 3, -4/33 HPs)
             Began as a Minotaur Fighter on Nov 29, 2023.
             Slain by a goblin
             ... wielding a +0 club
             ... led by Robin
              (5 damage)
             ... on level 2 of the Dungeon.
             The game lasted 00:01:29 (825 turns).

eliilek the Covered (Minotaur Fighter)               Turns: 825, Time: 00:01:30

Health: -4/33      AC:  7    Str: 20    XL:     3   Next: 12%
Magic:  2/2        EV:  9    Int:  5    God:
Gold:   66         SH:  4    Dex: 11    Spells: 2/2 levels left

rFire   . . .        a - +0 flail
rCold   . . .        c - +0 buckler
rNeg    . . .        b - +0 scale mail
rPois   .            (helmet restricted)
rElec   .            (no cloak)
rCorr   .            (no gloves)
SInv    .            (no boots)
Will    .....        (no amulet) Stlth
                     (no ring)
HPRegen 0.25/turn    (no ring)
MPRegen 0.08/turn

%: no passive effects
@: no status effects
A: horns 2, retaliatory headbutt
a: no special abilities


You were on level 2 of the Dungeon.
You visited 1 branch of the dungeon, and saw 2 of its levels.

You collected 66 gold pieces.

Inventory:

Hand Weapons
 a - a +0 flail (weapon)
Missiles
 f - 2 atropa-tipped darts (quivered)
Armour
 b - a +0 scale mail (worn)
 c - a +0 buckler (worn)
Scrolls
 e - a scroll of immolation {unknown}
 h - a scroll of amnesia {unknown}
 i - 2 scrolls of identify {unknown}
Potions
 d - a potion of might
 g - a potion of invisibility {unknown}
 j - a potion of curing {unknown}
 k - 2 potions of magic {unknown}


   Skills:
 + Level 4.0 Fighting
 - Level 2.4 Maces & Flails
 * Level 4.3 Armour
 + Level 1.1 Dodging
 + Level 4.0 Shields


You had 2 spell levels left.
You didn't know any spells.
Your spell library contained the following spells:

 Spells                   Type           Power      Damage    Failure   Level
 Apportation              Tloc           0%         N/A       88%         1
 Alistair's Intoxication  Tmut/Pois      0%         N/A       100%        5


Dungeon Overview and Level Annotations

Branches:
Dungeon (2/15)

Altars:

Annotations:
D:2 Robin


Innate Abilities, Weirdness & Mutations

You have a pair of horns on your head.
You reflexively headbutt those who attack you in melee.


Message History

You block the goblin's attack.
You hit the goblin.
You kill the goblin!
A goblin comes into view. It is wielding a +0 dagger.
Robin of the Strong Arm comes into view.
They are wielding a +0 mace.
You hit the goblin. You headbutt the goblin.
You kill the goblin!
The hobgoblin hits you but does no damage.
A goblin comes into view. It is wielding a +0 club.
You hit the hobgoblin.
The hobgoblin is heavily wounded.
Robin throws the goblin at you! The goblin hits you but does no damage.
The hobgoblin hits you but does no damage.
You hit the hobgoblin but do no damage.
The hobgoblin is heavily wounded.
The goblin hits you but does no damage. The goblin barely misses you.
The hobgoblin completely misses you.
Robin roars a battlecry!
The goblins go into a battle-frenzy!
Unknown command.
You closely miss the hobgoblin. You headbutt the hobgoblin.
You kill the hobgoblin!
You block the goblin's attack.
The goblin hits you with a +1 dagger of distortion.
Space warps around you.
Unknown command.
You hit the goblin.
You kill the goblin!
You block the goblin's attack.
A goblin comes into view. It is wielding a +0 club.
Robin throws the goblin at you! The goblin hits you but does no damage.
Space warps horribly around you! The goblin closely misses you.
You block the goblin's attack.
The goblin hits you with a +1 dagger of distortion.
Space warps horribly around you!!
Ouch! That really hurt!
* * * LOW HITPOINT WARNING * * *
The goblin attacks as you move away! The goblin closely misses you.
The goblin attacks as you move away! The goblin hits you with a +0 club.
You die...

### #.# #.. #.. ... ..
#.# #.# .. #.# #.# #g
#.# #.# #g #.# #.####
##.## #####.###.....
#.gg# #.........####
###..@###.#####.#.#
##...gg..#.# ##.#.#
#........#.####....###
......................+
##......###.###<....###
##.#...# #.# #.#.#.#
#.##### #.# #.###.# #
#.. ... .# ####..# .#


You could see Robin and 5 goblins.

Vanquished Creatures
  A dart slug (D:1)
  3 bats (D:1)
  An endoplasm (D:1)
  3 giant cockroaches (D:1)
  4 goblins
  7 hobgoblins
  A quokka (D:1)
  A ball python (D:1)
  2 frilled lizards (D:1)
  2 kobolds (D:1)
  2 rats (D:1)
27 creatures vanquished.

Notes
Turn   | Place    | Note
-------+----------+-------------------------------------------
     0 | D:1      | eliilek the Minotaur Fighter began the quest for the Orb.
     0 | D:1      | Reached XP level 1. HP: 19/19 MP: 0/0
   331 | D:1      | Reached XP level 2. HP: 25/27 MP: 1/1
   592 | D:1      | Reached skill level 1 in Dodging
   818 | D:2      | Reached XP level 3. HP: 33/33 MP: 2/2
   819 | D:2      | Noticed Robin
   824 | D:2      | HP: 1/33 [goblin/+1 dagger of distortion[Robin] (19)]
   825 | D:2      | Slain by a goblin

Illustrated notes

Levels and vault maps discovered:
D:1:      spicycebolla_green_bress_n_ham, layout_basic
D:2:      layout_loops_corners, basic_altar, minmay_hexomino_f4, uniq_robin

Skill      XL: |  1  2 |
---------------+-------+-----
Armour         | 4 |  4.3
Dodging        | 1 |  1.1
Fighting       | 4 |  4.0
Shields        | 4 |  4.0
Maces & Flails | |  2.4

Action                     || total
---------------------------++-------
  Melee: Flail             ||    62
         Headbutt          ||     3
 Armour: Scale mail        ||    45
  Dodge: Dodged            ||    28
  Block: Buckler           ||    18
